 Dungeon Crawl Stone Soup version 0.28.0-47-ge53b351184 (webtiles) character file.

Game seed: 16849738967345885707

72 Icepheonix32 the Chiller (level 4, -1/31 HPs)
             Began as a Demonspawn Ice Elementalist on May 2, 2022.
             Slain by an ice beast (6 damage)
             ... on level 3 of the Dungeon.
             The game lasted 00:03:55 (2511 turns).

Icepheonix32 the Chiller (DsIE)                     Turns: 2511, Time: 00:03:56

Health: -1/31      AC:  2    Str: 13    XL:     4   Next: 7%
Magic:  7/7        EV: 12    Int: 16    God:
Gold:   137        SH:  0    Dex: 16    Spells: 6/7 levels left

rFire   . . .      SeeInvis .   d - +8 whip of Plunder {vorpal, Str+5}
rCold   . . .      Faith    .   (no shield)
rNeg    . . .      Spirit   .   a - +0 robe
rPois   .          Reflect  .   (no helmet)
rElec   .          Harm     .   (no cloak)
rCorr   .          Rampage  .   (no gloves)
Will    .....                   (no boots)
Stlth   ++........              (no amulet)
HPRegen 0.10/turn               (no ring)
MPRegen 0.10/turn               (no ring)

@: invisible
A: weakness stinger 2
a: no special abilities


You were on level 3 of the Dungeon.
You visited 1 branch of the dungeon, and saw 3 of its levels.

You collected 137 gold pieces.

Inventory:

Hand Weapons
 b - a +0 dagger
 c - a +2 short sword of electrocution
 d - the +8 whip of Plunder (weapon) {vorpal, Str+5}
   (You found it on level 3 of the Dungeon)

   It inflicts extra damage upon your enemies.
   Str:       It affects your strength (+5).
Missiles
 i - 3 boomerangs
 j - 8 poisoned darts
Armour
 a - a +0 robe (worn)
Scrolls
 f - a scroll of enchant weapon {unknown}
Potions
 g - a potion of ambrosia {unknown}
 h - a potion of curing {unknown}


   Skills:
 + Level 0.3 Fighting
 + Level 1.7 Dodging
 - Level 1.7 Stealth
 - Level 2.0 Spellcasting
 * Level 5.1 Ice Magic


You had 6 spell levels left.
You knew the following spells:

 Your Spells              Type           Power      Damage    Failure   Level
a - Freeze                Ice            72%        1d9       2%          1

Your spell library contained the following spells:

 Spells                   Type           Power      Damage    Failure   Level
 Frozen Ramparts          Ice            36%        1d5       8%          3
 Ozocubu's Armour         Ice            18%        N/A       8%          3
 Hailstorm                Conj/Ice       9%         3d4       58%         4


Dungeon Overview and Level Annotations

Branches:
Dungeon (3/15)

Altars:
Kikubaaqudgha
Sif Muna


Innate Abilities, Weirdness & Mutations

You have a tail ending in a sharp stinger.


Message History

You kill the hobgoblin!
A hobgoblin comes into view.
The hobgoblin shouts!
The hobgoblin barely misses you.
You whack the hobgoblin!
You kill the hobgoblin!
No target in view!
Found a stone staircase leading down.
You now have 137 gold pieces (gained 12).
A quokka comes into view.
You closely miss the quokka. The quokka closely misses you.
You barely miss the quokka. The quokka closely misses you.
You closely miss the quokka. The quokka barely misses you.
The quokka bites you.
You whack the quokka!
You kill the quokka!
No target in view!
Found 16 stones.
An orc comes into view. It is wielding a +0 trident.
The orc shouts!
You hear a shout!
The orc moves out of view.
An ice beast is nearby!
The orc misses you. The orc misses you.
You hit the ice beast.
The ice beast is moderately wounded.
The ice beast closely misses you. The orc barely misses you.
You barely miss the ice beast.
The ice beast is moderately wounded.
The ice beast hits you. The ice beast freezes you!
The orc hits you from afar with a +0 trident!
* * * LOW HITPOINT WARNING * * *
Unknown command.
You fade into invisibility!
The ice beast misses you. The ice beast barely misses you.
The ice beast hits you.
* * * LOW HITPOINT WARNING * * *
The ice beast freezes you.
You die...

........##o..#
#.###
........##.#.####
#...#
........##o#....#
#.#.#
...........####.#
####.#
###........# #.#
#....# #........#
#.# #.####
#........####.#
#.#
#........##.Y.#
#.#
###########@###
#.# #.# #.####
#.#####....#
#....#####.#
####.# #.#
#.#####.#
#.......#
#########


You could see an ice beast.

Vanquished Creatures
  2 adders (D:2)
  2 dart slugs (D:1)
  4 orcs (D:3)
  5 ball pythons
  An endoplasm (D:1)
  2 giant cockroaches
  6 goblins
  4 hobgoblins
  4 jackals
  2 kobolds
  2 quokkas
  A bat (D:2)
  6 frilled lizards
  4 rats
45 creatures vanquished.

Notes
Turn   | Place    | Note
-------+----------+-------------------------------------------
     0 | D:1      | Icepheonix32 the Demonspawn Ice Elementalist began the
                  | quest for the Orb.
     0 | D:1      | Reached XP level 1. HP: 13/13 MP: 3/3
   183 | D:1      | Reached skill level 4 in Ice Magic
   192 | D:1      | Gained mutation: You have a small tail. [demonic ancestry]
   192 | D:1      | Reached XP level 2. HP: 13/19 MP: 1/5
   651 | D:1      | Found a faded altar of an unknown god.
  1440 | D:2      | Gained mutation: You have a tail ending in a sharp stinger.
                  | [demonic ancestry]
  1440 | D:2      | Reached XP level 3. HP: 24/24 MP: 4/6
  1699 | D:2      | Noticed an ogre
  2202 | D:3      | Found an ancient bone altar of Kikubaaqudgha.
  2202 | D:3      | Found a shimmering blue altar of Sif Muna.
  2222 | D:3      | Identified the +8 whip of Plunder {vorpal, Str+5}
  2242 | D:3      | Reached skill level 5 in Ice Magic
  2252 | D:3      | Reached XP level 4. HP: 24/31 MP: 5/7
  2327 | D:3      | Noticed an ice beast
  2511 | D:3      | Slain by an ice beast

Illustrated notes

Levels and vault maps discovered:
D:1:      minmay_arrival_up_and_down, layout_loops_cross,
          nicolae_ecumenical_snake_handling
D:2:      layout_loops_ring
D:3:      layout_basic, marbit_many_paths, mainiacjoe_overflow_catwalk,
          mainiacjoe_overflow_tiny_flanked

Skill      XL: |  1  2  3 |
---------------+----------+-----
Ice Magic      | 4 5 |  5.1
Fighting       | |  0.3
Dodging        | |  1.7
Stealth        | |  1.7
Spellcasting   | |  2.0

Action                   |  1- 3 |  4- 6 || total
-------------------------+-------+-------++-------
Melee: Dagger            |    33 |       ||    33
       Unarmed           |     1 |       ||     1
       Tailslap          |     3 |       ||     3
       Short sword       |    17 |       ||    17
       Whip              |     9 |     8 ||    17
 Cast: Freeze            |    41 |     3 ||    44
  Use: Potion            |     1 |     1 ||     2
       Scroll            |     2 |       ||     2
 Stab: Sleeping          |     4 |       ||     4
Armor: Robe              |    15 |       ||    15
Dodge: Dodged            |    46 |    13 ||    59
